 Dungeon Crawl Stone Soup version 0.21-a0-509-gecc5317 (webtiles) character file.

288 Gerstahl the Skirmisher (level 6, 0/61 HPs)
             Began as a Naga Monk on Nov 30, 2017.
             Succumbed to a water moccasin's poison
             ... on level 4 of the Dungeon.
             The game lasted 00:11:17 (3183 turns).

Gerstahl the Skirmisher (Naga Monk)                 Turns: 3183, Time: 00:11:17

Health: 0/61       AC:  4    Str: 13    XL:     6   Next: 31%
Magic:  6/6        EV: 10    Int: 11    God:
Gold:   195        SH:  0    Dex: 15    Spells: 5/5 levels left

rFire    + . .     SeeInvis +   a - +0 falchion
rCold    + . .     Gourm    .   (no shield)
rNeg     . . .     Faith    .   g - +0 leather armour (curse)
rPois    +         Spirit   .   (helmet restricted)
rElec    +         Reflect  .   (no cloak)
rCorr    +         Harm     .   q - +0 pair of gloves
MR       .....                  (no barding)
Stlth    ++........             (no amulet)
HPRegen  0.20/turn              (no ring)
MPRegen  0.10/turn              (no ring)

@: lethally poisoned (0 -> -16), short of breath, resistant, very slow
A: large, antennae 1, see invisible, deformed body, poison resistance, slowness
2, slow metabolism 1, spit poison 2, evolution 1, AC +2
a: Breathe Poison Gas


You were on level 4 of the Dungeon.
You were hungry.

You visited 1 branch of the dungeon, and saw 4 of its levels.

You collected 195 gold pieces.

Inventory:

Hand Weapons
 a - a +0 falchion (weapon)
Armour
 b - a +0 robe
 g - a cursed +0 leather armour (worn)
 q - a +0 pair of gloves (worn)
Jewellery
 r - a +3 ring of dexterity {unknown}
Scrolls
 d - 5 scrolls of identify {unknown}
 e - a scroll of fog {unknown}
 f - 2 scrolls of teleportation {unknown}
 h - 2 scrolls of remove curse {unknown}
 n - a scroll of blinking {unknown}
 p - a scroll of enchant weapon {unknown}
 s - a scroll of amnesia {unknown}
Potions
 i - a potion of brilliance {unknown}
 j - a potion of degeneration {unknown}
 k - a potion of resistance
 l - a potion of heal wounds {unknown}
 m - a potion of lignification {unknown}
 o - a potion of ambrosia {unknown}
Comestibles
 c - 3 bread rations


   Skills:
 + Level 5.3 Fighting
 + Level 5.2 Long Blades
 - Level 2.4 Dodging
 - Level 3.0 Stealth


You had 5 spell levels left.
You didn't know any spells.

Dungeon Overview and Level Annotations

Branches:
Dungeon (4/15)
 Temple: D:4-7

Altars:
Yredelemnul


Innate Abilities, Weirdness & Mutations

You cannot wear boots.
Your serpentine skin is tough. (AC +2)
You have supernaturally acute eyesight. (SInv)
Armour fits poorly on your strangely shaped body.
Your system is resistant to poisons. (rPois)
You cover ground very slowly.
You have a slow metabolism.
You can exhale a cloud of poison.
You have a pair of small antennae on your head.
You evolve.


Message History

The water moccasin closely misses you.
You riposte.
You barely miss the water moccasin.
The water moccasin is severely wounded.
The water moccasin bites you.
* * * LOW HITPOINT WARNING * * *
You are poisoned.
The water moccasin poisons you!
It was a potion of resistance.
You feel protected.
You feel sick. The water moccasin bites you.
* * * LOW HITPOINT WARNING * * *
You miss the water moccasin.
The water moccasin is severely wounded.
You feel sick. The water moccasin bites you.
* * * LOW HITPOINT WARNING * * *
You are more poisoned.
The water moccasin poisons you!
You closely miss the water moccasin.
The water moccasin is severely wounded.
You die...

###########.#########
÷....................
#.##..#####....####
#.###.# #####.#########
.####'## #.......†......
####.^^###.......#######
#^^.^^##.##....#
##..^### #....###
#^^_^.# #...@S)##
####### #....#..#
######''####
##........##
##..........#
##............#
##....$.........
#...............
#................


You could see a water moccasin.

Vanquished Creatures
  A hound (D:4)
  A worker ant (D:4)
  3 orc wizards (D:3)
  A gnoll (D:4)
  4 adders
  An ooze (D:2)
  3 worms (D:3)
  2 dart slugs (D:3)
  5 leopard geckos
  7 orcs (D:3)
  A ball python (D:1)
  10 bats
  4 giant cockroaches
  6 goblins
  7 hobgoblins
  10 jackals (D:2)
  2 quokkas
  7 frilled lizards
  4 kobolds
  4 rats
  A spectral orc (D:4)
84 creatures vanquished.

Notes
Turn   | Place    | Note
-------+----------+-------------------------------------------
     0 | D:1      | Gerstahl the Naga Monk began the quest for the Orb.
     0 | D:1      | Reached XP level 1. HP: 21/21 MP: 1/1
   184 | D:1      | Reached XP level 2. HP: 27/28 MP: 2/2
   694 | D:2      | Gained mutation: You evolve. [potion of mutation]
   694 | D:2      | Gained mutation: Your magical capacity is low. (-10% MP) [potion of mutation]
   694 | D:2      | Gained mutation: You have a pair of small antennae on your head. [potion of mutation]
   697 | D:2      | Reached XP level 3. HP: 13/34 MP: 2/2
  1220 | D:2      | Gained mutation: You can exhale a cloud of poison. [evolution]
  1255 | D:2      | Reached XP level 4. HP: 21/44 MP: 3/3
  2055 | D:3      | Reached XP level 5. HP: 43/51 MP: 4/4
  2564 | D:3      | Lost mutation: Your magical capacity is low. (-10% MP) [evolution]
  3063 | D:4      | Found a basalt altar of Yredelemnul.
  3067 | D:4      | Reached skill level 5 in Fighting
  3087 | D:4      | Reached skill level 5 in Long Blades
  3087 | D:4      | Reached XP level 6. HP: 57/61 MP: 6/6
  3155 | D:4      | Noticed a water moccasin
  3182 | D:4      | HP: 1/61 [water moccasin (6)]
  3183 | D:4      | Succumbed to a water moccasin's poison

Vault maps used:
D:1:      sevenhm_arrival_forest_fort_large_1
D:3:      first_bread, bh_walls_and_bars
D:4:      kennysheep_big_flooded_room, yredelemnul_forgotten_temple_becter,
          elyvilon_altar_1

Skill      XL: |  1  2  3  4  5 |
---------------+----------------+-----
Fighting       | 4 5 |  5.3
Long Blades    | 4 5 |  5.2
Dodging        | |  2.4
Stealth        | |  3.0

Action                   |  1- 3 |  4- 6 || total
-------------------------+-------+-------++-------
Melee: Falchion          |    97 |   125 ||   222
 Abil: Spit Poison       |    11 |       ||    11
       Breathe Poison Ga |     1 |    12 ||    13
  Use: Potion            |     1 |     1 ||     2
 Stab: Sleeping          |     8 |     8 ||    16
  Eat: Chunk             |     1 |     7 ||     8
Armor: Robe              |     2 |       ||     2
       Leather armour    |    23 |    52 ||    75
Dodge: Dodged            |    75 |    81 ||   156
       Rpst.: Falchion   |    21 |    28 ||    49

Table legend:
 A = Spawn XP
 B = Non-spawn XP
 C = Spawn XP percentage of total XP
 D = Spawn monster count
 E = Non-spawn monster count
 F = Spawn count percentage of total count
 G = Total turns spent on level
                    A         B        C        D         E        F      G
               +---------+---------+-------+---------+---------+-------+---------
         Total |       0 |     412 |   0.0 |       0 |      84 |   0.0 |  3183
               +---------+---------+-------+---------+---------+-------+---------
           D:1 |       0 |      25 |   0.0 |       0 |      18 |   0.0 |   676
           D:2 |       0 |      64 |   0.0 |       0 |      26 |   0.0 |  1093
           D:3 |       0 |     209 |   0.0 |       0 |      32 |   0.0 |  1269
           D:4 |       0 |     114 |   0.0 |       0 |       8 |   0.0 |   145
               +---------+---------+-------+---------+---------+-------+---------
